% Time on Ice - PORTLAND PIRATES
Lines # - Real PCT - Wanted PCT - Time Play
Normal Forward
1 - 28% - 33% - 11:25
2 - 32% - 33% - 12:59
3 - 28% - 24% - 11:26
4 - 13% - 10% - 5:11
Normal Defense
1 - 35% - 34% - 14:16
2 - 37% - 34% - 15:12
3 - 23% - 22% - 9:28
4 - 5% - 10% - 2:05
PP Forward
1 - 50% - 60% - 6:44
2 - 50% - 40% - 6:44
PP Defense
1 - 52% - 60% - 6:58
2 - 48% - 40% - 6:30
PK Forward
1 - 68% - 60% - 2:25
2 - 32% - 40% - 1:07
PK Defense
1 - 55% - 60% - 1:57
2 - 45% - 40% - 1:35
PK3 Forward
1 - 0% - 55%
2 - 0% - 45%
PK3 Defense
1 - 0% - 55%
2 - 0% - 45%
44 Forward
1 - 100% - 55% - 1:59
2 - 0% - 45% - 0:00
44 Defense
1 - 83% - 55% - 1:39
2 - 17% - 45% - 0:20
Last Minute Offensive  - 0:00
Last Minute Defensive  - 0:00
Total
Forward - 60:00
Defense - 60:00
% Time on Ice - TEXAS TOROS
Lines # - Real PCT - Wanted PCT - Time Play
Normal Forward
1 - 31% - 36% - 12:51
2 - 27% - 31% - 11:16
3 - 23% - 23% - 9:15
4 - 19% - 10% - 7:39
Normal Defense
1 - 35% - 36% - 14:22
2 - 32% - 31% - 13:09
3 - 30% - 23% - 12:16
4 - 3% - 10% - 1:14
PP Forward
1 - 37% - 55% - 1:19
2 - 63% - 45% - 2:13
PP Defense
1 - 37% - 55% - 1:19
2 - 63% - 45% - 2:13
PK Forward
1 - 57% - 55% - 7:40
2 - 43% - 45% - 5:48
PK Defense
1 - 55% - 55% - 7:26
2 - 45% - 45% - 6:02
PK3 Forward
1 - 0% - 55%
2 - 0% - 45%
PK3 Defense
1 - 0% - 55%
2 - 0% - 45%
44 Forward
1 - 62% - 55% - 1:14
2 - 38% - 45% - 0:45
44 Defense
1 - 62% - 55% - 1:14
2 - 38% - 45% - 0:45
Last Minute Offensive  - 0:00
Last Minute Defensive  - 0:00
Total
Forward - 60:00
Defense - 60:00
Play-by-Play 1st period 0:01 of 1st period - Jonathan Toews wins face-off versus Mika Zibanejad in neutral zone. 0:32 of 1st period - Shot by Dougie Hamilton. 0:32 of 1st period - Stopped by Martin Jones with a rebound. 1:22 of 1st period - Shot by Chandler Stephenson. 1:22 of 1st period - Stopped by Daniil Tarasov with a rebound. 1:24 of 1st period - Shot by Robert Thomas. 1:24 of 1st period - Stopped by Daniil Tarasov without a rebound. 1:25 of 1st period - Trevor Zegras wins face-off versus Michael McLeod in TEXAS TOROS zone. 1:25 of 1st period - Trevor Zegras is hit by Michael McLeod. 1:59 of 1st period - Shot by Alec Martinez. 1:59 of 1st period - Shot Misses the Net. 2:10 of 1st period - Icing by Nate Schmidt. 2:11 of 1st period - Ryan Donato wins face-off versus Wade Allison in TEXAS TOROS zone. 3:33 of 1st period - Shot by Robert Thomas. 3:33 of 1st period - Shot Misses the Net. 3:39 of 1st period - Shot by Yanni Gourde. 3:39 of 1st period - Shot Misses the Net. 3:41 of 1st period - Shot by Yanni Gourde. 3:41 of 1st period - Shot Misses the Net. 4:01 of 1st period - Ryan Suter is hit by Pavel Zacha and loses puck. 4:06 of 1st period - Shot by Travis Konecny. 4:06 of 1st period - Stopped by Daniil Tarasov without a rebound. 4:07 of 1st period - Jonathan Toews wins face-off versus Michael McLeod in TEXAS TOROS zone. 5:29 of 1st period - Brian Dumoulin is hit by Nate Schmidt and loses puck. 6:14 of 1st period - Shot by Wade Allison. 6:14 of 1st period - Stopped by Martin Jones with a rebound. 6:16 of 1st period - Shot by Wade Allison. 6:16 of 1st period - Stopped by Martin Jones without a rebound. 6:17 of 1st period - Jonathan Toews wins face-off versus Travis Konecny in PORTLAND PIRATES zone. 6:59 of 1st period - Shot by Travis Konecny. 6:59 of 1st period - Stopped by Daniil Tarasov without a rebound. 7:00 of 1st period - Chandler Stephenson wins face-off versus Trevor Zegras in TEXAS TOROS zone. 7:09 of 1st period - Shot by Trevor Zegras. 7:09 of 1st period - Shot Blocked by Brett Pesce. 7:25 of 1st period - Shot by Trevor Zegras. 7:25 of 1st period - Stopped by Martin Jones without a rebound. 7:26 of 1st period - Ryan Donato wins face-off versus Kevin Hayes in PORTLAND PIRATES zone. 7:33 of 1st period - Alec Martinez is hit by Miles Wood and loses puck. 8:48 of 1st period - Shot by Trevor Zegras. 8:48 of 1st period - Deflect By Wade Allison. 8:48 of 1st period - Shot Misses the Net. 8:55 of 1st period - Off-side. 8:56 of 1st period - Jonathan Toews wins face-off versus Mika Zibanejad in neutral zone. 9:16 of 1st period - Mika Zibanejad is hit by Ryan Suter and loses puck. 10:48 of 1st period - Mikhail Sergachev is hit by Nick Holden and loses puck. 11:12 of 1st period - William Carrier is hit by Nate Schmidt and loses puck. 11:37 of 1st period - Shot by Taylor Raddysh. 11:37 of 1st period - Goal by Taylor Raddysh - PORTLAND PIRATES : 0 - TEXAS TOROS : 1. 11:38 of 1st period - Trevor Zegras wins face-off versus Travis Konecny in neutral zone. 11:50 of 1st period - Off-side. 11:51 of 1st period - Trevor Zegras wins face-off versus Chandler Stephenson in neutral zone. 11:56 of 1st period - Shot by Wade Allison. 11:56 of 1st period - Stopped by Martin Jones without a rebound. 11:57 of 1st period - Mika Zibanejad wins face-off versus Kevin Hayes in PORTLAND PIRATES zone. 11:57 of 1st period - Mika Zibanejad is hit by Taylor Raddysh. 13:00 of 1st period - Danton Heinen is hit by Chandler Stephenson and loses puck. 13:02 of 1st period - Minor Penalty to Dougie Hamilton for Tripping. 13:03 of 1st period - Chandler Stephenson wins face-off versus Danton Heinen in TEXAS TOROS zone. 14:07 of 1st period - Shot by Robert Thomas. 14:07 of 1st period - Stopped by Daniil Tarasov without a rebound. 14:08 of 1st period - Mika Zibanejad wins face-off versus Danton Heinen in TEXAS TOROS zone. 14:13 of 1st period - Shot by Mika Zibanejad. 14:13 of 1st period - Stopped by Daniil Tarasov without a rebound. 14:14 of 1st period - Chandler Stephenson wins face-off versus Danton Heinen in TEXAS TOROS zone. 15:02 of 1st period - Icing by Robert Thomas. 15:03 of 1st period - Michael McLeod wins face-off versus Ryan Poehling in PORTLAND PIRATES zone. 15:03 of 1st period - Travis Hamonic is hit by Ryan Poehling and loses puck. 15:08 of 1st period - Shot by Jesse Ylonen. 15:08 of 1st period - Deflect By Tyson Foerster. 15:08 of 1st period - Stopped by Martin Jones without a rebound. 15:09 of 1st period - Trevor Zegras wins face-off versus Michael McLeod in PORTLAND PIRATES zone. 15:34 of 1st period - Wade Allison is hit by William Carrier and loses puck. 17:07 of 1st period - Shot by Travis Konecny. 17:07 of 1st period - Stopped by Daniil Tarasov without a rebound. 17:08 of 1st period - Ryan Donato wins face-off versus Kevin Hayes in TEXAS TOROS zone. 17:08 of 1st period - Brett Pesce is hit by Mikhail Sergachev and loses puck. 18:16 of 1st period - Travis Konecny is hit by Mikhail Sergachev and loses puck. 18:22 of 1st period - Mika Zibanejad is hit by Dougie Hamilton and loses puck. 18:25 of 1st period - Shot by Travis Konecny. 18:25 of 1st period - Deflect By Pavel Zacha. 18:25 of 1st period - Stopped by Daniil Tarasov without a rebound. 18:26 of 1st period - Trevor Zegras wins face-off versus Chandler Stephenson in TEXAS TOROS zone. 18:26 of 1st period - Trevor Zegras is hit by Chandler Stephenson. 19:06 of 1st period - Shot by Trevor Zegras. 19:06 of 1st period - Stopped by Martin Jones with a rebound. 19:34 of 1st period - Shot by Jesse Ylonen. 19:34 of 1st period - Shot Blocked by Yanni Gourde. 19:36 of 1st period - Shot by Ryan Poehling. 19:36 of 1st period - Stopped by Martin Jones without a rebound. 19:37 of 1st period - Mika Zibanejad wins face-off versus Jonathan Toews in PORTLAND PIRATES zone. 19:45 of 1st period - Shot by Pavel Zacha. 19:45 of 1st period - Shot Misses the Net. 19:47 of 1st period - Shot by Mika Zibanejad. 19:47 of 1st period - Shot Misses the Net. Goals for this period are 0 for PORTLAND PIRATES vs 1 for TEXAS TOROS. Shots for this period are 8 for PORTLAND PIRATES vs 9 for TEXAS TOROS. 2nd period 0:01 of 2nd period - Mika Zibanejad wins face-off versus Jonathan Toews in neutral zone. 0:16 of 2nd period - Shot by Mika Zibanejad. 0:16 of 2nd period - Stopped by Daniil Tarasov without a rebound. 0:17 of 2nd period - Chandler Stephenson wins face-off versus Kevin Hayes in TEXAS TOROS zone. 0:39 of 2nd period - Icing by Nick Holden. 0:40 of 2nd period - Chandler Stephenson wins face-off versus Jonathan Toews in PORTLAND PIRATES zone. 0:50 of 2nd period - Minor Penalty to Mikhail Sergachev for Holding. 0:51 of 2nd period - Mika Zibanejad wins face-off versus Danton Heinen in TEXAS TOROS zone. 1:38 of 2nd period - Icing by Robert Thomas. 1:39 of 2nd period - Troy Terry wins face-off versus Mika Zibanejad in PORTLAND PIRATES zone. 2:09 of 2nd period - Dougie Hamilton is hit by Yanni Gourde and loses puck. 2:19 of 2nd period - Icing by Chandler Stephenson. 2:20 of 2nd period - Pavel Zacha wins face-off versus Danton Heinen in PORTLAND PIRATES zone. 2:29 of 2nd period - Shot by Pavel Zacha. 2:29 of 2nd period - Goal by Pavel Zacha - PORTLAND PIRATES : 1 - TEXAS TOROS : 1. 2:30 of 2nd period - Michael McLeod wins face-off versus Trevor Zegras in neutral zone. 2:32 of 2nd period - Minor Penalty to Dougie Hamilton for Hooking. 2:33 of 2nd period - Chandler Stephenson wins face-off versus Danton Heinen in TEXAS TOROS zone. 3:10 of 2nd period - Shot by Yanni Gourde. 3:10 of 2nd period - Shot Misses the Net. 3:50 of 2nd period - Shot by Travis Konecny. 3:50 of 2nd period - Shot Misses the Net. 4:19 of 2nd period - Tyson Barrie is hit by Pavel Zacha and loses puck. 4:54 of 2nd period - Shot by Michael Amadio. 4:54 of 2nd period - Shot Misses the Net. 4:57 of 2nd period - Icing by Mikhail Sergachev. 4:58 of 2nd period - Ryan Poehling wins face-off versus Ryan Donato in TEXAS TOROS zone. 4:58 of 2nd period - Dougie Hamilton is hit by Nathan Bastian and loses puck. 5:15 of 2nd period - Ryan Poehling is hit by Marc Staal and loses puck. 5:19 of 2nd period - Minor Penalty to Marc Staal for Cross-checking. 5:20 of 2nd period - Kevin Hayes wins face-off versus Nathan Bastian in PORTLAND PIRATES zone. 5:48 of 2nd period - Shot by Taylor Raddysh. 5:48 of 2nd period - Shot Misses the Net. 5:50 of 2nd period - Shot by Ryan Suter. 5:50 of 2nd period - Shot Blocked by Nathan Bastian. 5:52 of 2nd period - Shot by Tyson Barrie. 5:52 of 2nd period - Shot Blocked by Nick Holden. 6:40 of 2nd period - Shot by Mikhail Sergachev. 6:40 of 2nd period - Shot Misses the Net. 6:42 of 2nd period - Shot by Troy Terry. 6:42 of 2nd period - Shot Misses the Net. 6:52 of 2nd period - Shot by Dougie Hamilton. 6:52 of 2nd period - Goal by Dougie Hamilton - PORTLAND PIRATES : 1 - TEXAS TOROS : 2. 6:53 of 2nd period